 Dungeon Crawl Stone Soup version 0.27-a0-1528-g90fbb72469 (webtiles) character file.

Game seed: 15282345910132309600

76524 2tc the Brawler (level 15, -8/140 HPs)
             Began as a Troll Transmuter on July 11, 2021.
             Was the Champion of Ru.
             Mangled by a naga mage (17 damage)
             ... on level 2 of the Snake Pit.
             The game lasted 01:19:40 (18186 turns).

2tc the Brawler (Troll Transmuter)                 Turns: 18186, Time: 01:19:40

Health: -8/140     AC:  7    Str: 22    XL:     15   Next: 12%
Magic:  11/15      EV:  8    Int: 14    God:    Ru [******]
Gold:   2767       SH:  0    Dex: 16    Spells: 9/16 levels left

rFire    x x .     SeeInvis .     - Unarmed
rCold    + + .     Faith    +   (shield currently unavailable)
rNeg     + . .     Spirit   .   (armour currently unavailable)
rPois    +         Reflect  .   (helmet currently unavailable)
rElec    .         Harm     .   (cloak currently unavailable)
rCorr    .         Rampage  .   (gloves unavailable)
Will     .....                  (boots unavailable)
Stlth    +.........             o - amulet of Foan {Faith rN+ Regen+}
HPRegen  2.33/turn              R - +6 ring of dexterity
MPRegen  0.14/turn              l - ring of wizardry

@: mighty, lethally poisoned (-8 -> -11), ice-form, unable to read, slowed,
constricted, very slow
A: freezing attack, amphibious, boosted hp, large, unfitting armour, (claws 3),
frail 1, regeneration 1, (shaggy fur 1), (tough skin 1), inability to read while
threatened, weak-willed 1, temperature sensitive
a: End Transformation, Renounce Religion, Draw Out Power, Power Leap, Apocalypse


You were on level 2 of the Snake Pit.
You worshipped Ru.
Ru was exalted by your worship.
You were a creature of crystalline ice.
You visited 5 branches of the dungeon, and saw 23 of its levels.
You also visited: Sewer, Ossuary and Gauntlet.

You collected 2767 gold pieces.

Inventory:

Missiles
 b - 586 stones
 k - 87 poisoned darts
 p - 7 large rocks
 q - 32 boomerangs
 s - 13 silver boomerangs
 D - 2 atropa-tipped darts
 E - 3 datura-tipped darts
 H - a curare-tipped dart
 Q - 14 javelins
Armour
 f - +0 steam dragon scales (melded)
 i - a +0 cloak (melded)
 C - the +4 pair of boots of Leaves {Rampage}
   (You found it in a Gauntlet)

   Rampage:   It bestows one free step when moving towards enemies.
 L - a +2 kite shield of protection
Jewellery
 a - an amulet of reflection
 d - a ring of poison resistance
 g - the ring of Raf Xai {rN++ Str+2 Int+2 Dex+6 Slay-4}
   (You found it in a Gauntlet)

   [ring of dexterity]

   Str:       It affects your strength (+2).
   Int:       It affects your intelligence (+2).
   Dex:       It affects your dexterity (+6).
   Slay:      It affects your accuracy & damage with ranged weapons and melee
   (-4).
   rN:        It greatly protects you from negative energy.
 l - a ring of wizardry (right front paw)
 n - a ring of positive energy
 o - the amulet of Foan (around neck) {Faith rN+ Regen+}
   (You acquired it on level 4 of the Dungeon)

   [amulet of faith]

   It allows you to gain divine favour quickly.
   rN:        It protects you from negative energy.
   Regen:     It increases your rate of health regeneration.
 J - a ring of willpower
 K - a ring of flight
 O - a ring of wizardry
 R - a +6 ring of dexterity (left front paw)
 S - a +6 ring of intelligence
 T - a ring of wizardry
Wands
 h - a wand of polymorph (15)
 j - a wand of charming (16)
 w - a wand of digging (3)
 B - a wand of paralysis (28)
 F - a wand of flame (89)
 P - a wand of mindburst (15)
 U - a wand of acid (6)
Scrolls
 m - 3 scrolls of teleportation
 v - a scroll of silence
 y - 5 scrolls of amnesia
 z - 2 scrolls of enchant armour
 A - 7 scrolls of identify
 I - 3 scrolls of vulnerability
 M - 2 scrolls of fog
Potions
 c - 6 potions of brilliance
 e - 9 potions of curing
 r - 2 potions of magic
 t - 2 potions of flight
 u - 2 potions of mutation
 x - 2 potions of ambrosia
 G - 2 potions of attraction


   Skills:
 - Level 4.0 Fighting
 - Level 4.7 Throwing
 - Level 4.0 Armour
 - Level 4.0 Dodging
 - Level 18.2 Unarmed Combat
 - Level 1.2 Spellcasting
 * Level 12.5 Transmutations
 - Level 3.0 Ice Magic


You had 9 spell levels left.
You knew the following spells:

 Your Spells              Type           Power      Damage    Failure   Level
a - Beastly Appendage     Tmut           70%        N/A       1%          1
b - Wereblood             Tmut           35%        N/A       1%          2
c - Ice Form              Ice/Tmut       22%        N/A       4%          4

Your spell library contained the following spells:

 Spells                   Type           Power      Damage    Failure   Level
 Blade Hands              Tmut           17%        N/A       1%          5
 Spider Form              Tmut/Pois      9%         N/A       2%          3
 Animate Skeleton         Necr           0%         N/A       11%         1
 Apportation              Tloc           0%         N/A       11%         1
 Corona                   Hex            0%         N/A       11%         1
 Magic Dart               Conj           0%         1d3       11%         1
 Summon Small Mammal      Summ           0%         N/A       11%         1
 Searing Ray              Conj           0%         3d3       16%         2
 Irradiate                Conj/Tmut      9%         3d17      22%         5
 Call Canine Familiar     Summ           0%         N/A       30%         3
 Dazzling Flash           Conj/Hex       0%         N/A       30%         3
 Portal Projectile        Hex/Tloc       0%         N/A       30%         3
 Summon Guardian Golem    Hex/Summ       0%         N/A       30%         3
 Dragon Form              Tmut           17%        N/A       45%         7
 Fulminant Prism          Conj/Hex       0%         3d6       67%         4
 Iskenderun's Mystic Bla  Conj/Tloc      0%         2d3       67%         4
 Olgreb's Toxic Radiance  Pois           0%         N/A       67%         4
 Excruciating Wounds      Necr           0%         N/A       94%         5
 Starburst                Conj/Fire      0%         8x6d3     100%        6
 Ozocubu's Refrigeration  Ice            4%         4d5       100%        7
 Ignition                 Fire           0%         3d3       100%        8


Dungeon Overview and Level Annotations

Branches:
Dungeon (12/15)            Temple (1/1) D:6            Lair (6/6) D:11
  Swamp (0/4) Lair:4        Snake (2/4) Lair:4        Slime (0/5) Lair:5
    Orc (2/2) D:11            Elf (0/3) Orc:2         Sewer (visited)
Ossuary (visited)         Gauntlet (visited)

Altars:
Ashenzari
Cheibriados
Dithmenos
Elyvilon
Fedhas
Gozag
Hepliaklqana
Kikubaaqudgha
Makhleb
Nemelex Xobeh
Okawaru
Qazlal
Ru
Sif Muna
Trog
Uskayaw
Vehumet
Wu Jian
Xom
Yredelemnul
Zin
The Shining One
Beogh
Jiyva

Shops:
D:4 *!   Orc:2 ([*=   Snake:1 ?

Annotations:
Lair:2 exclusion: oklob plant
Lair:4 2 runed translucent doors, 2tc's ghost, journeyman TrTm
Snake:2 Aizul


Innate Abilities, Weirdness & Mutations

You are a creature of crystalline ice.
You have a powerful freezing melee attack.
You are amphibious.
Your maximum health is increased.
Your armour is entirely melded.
You are incapable of wielding weapons or throwing items.
You are too large for most types of armour.
((You have claws for hands.))
You are frail. (-10% HP)
Your natural rate of healing is unusually fast.
((You are covered in fur. (AC +1)))
((You have tough skin. (AC +1)))
You sometimes lose the ability to read scrolls when taking damage.
You are slightly weak-willed. (Will-)
You are sensitive to extremes of temperature. (rF-, rC-)


Message History

You are more poisoned.
The naga hits you with a +0 scimitar. The naga closely misses you.
Aizul coils herself and waves her upper body at you.
You fall asleep.
You wake up.
Casting: Ice Form (dangerous; 4% risk of failure)
Confirm with . or Enter, or press ? or * to list all spells.
You turn into a creature of crystalline ice.
Your +0 cloak melds into your body.
Your +0 steam dragon scales melds into your body.
You feel extremely sick.
The naga warrior hits you with a +0 long sword!
The naga warrior grabs you. The naga warrior constricts you.
You focus your inner power and illuminate the naga warrior in retribution!
You redirect Aizul's attack!
Aizul casts a spell at herself.
The bolt of poison hits Aizul.
The naga mage completely misses you. The naga hits you with a +0 scimitar!
The naga warrior hits you with a +0 long sword!
* * * LOW HITPOINT WARNING * * *
x2 The naga warrior constricts you.
Aizul begins to cast a spell, but is stunned by your conviction!
The naga mage begins to cast a spell, but is stunned by your conviction!
Okay, then.
The naga warrior's grasp on you weakens, but your attempt to escape fails.
You feel very sick.
Aizul begins to cast a spell, but is stunned by your conviction!
The naga spits poison at you. The splash of poison hits you.
You are more poisoned.
You resist.
* * * LOW HITPOINT WARNING * * *
You redirect the guardian serpent's attack!
The guardian serpent coils itself and waves its upper body at itself.
The bolt of poison hits the guardian serpent!
The naga warrior hits you with a +0 long sword!!
* * * LOW HITPOINT WARNING * * *
x2 The naga warrior constricts you.
Aizul barely misses you.
The naga mage hits you with a +0 halberd!
You die...

......##
#####.............
.....##
###.........N.......
....## ###
#...................
....### #...
#..................
......#
#...####....S............
....###
......................<..
....#
..........†.............#
##..#
#......NN.#).............
#..##
##....NY###.............
#.## ###.#)S##
#..........[. #.###
#.#...# #..........#
.##.## #..)###
..........# .....#
#####.## .....#....
.....# ##...)## ..####...
.....## #...†.# ##..
......###.....# ###
.......#......# #


You could see Aizul, a naga warrior (corona), a guardian serpent, a naga mage
and a naga (catching breath).

Vanquished Creatures
  Jorgrun (Orc:2)
  An orc warlord (Orc:2)
  A minotaur (Gauntlet)
  Snorg (Lair:6)
  An ettin (Orc:2)
  Erolcha (Orc:2)
  A salamander tyrant (Snake:1)
  5 naga warriors
  A boulder beetle (D:11)
  2 hydras
  3 anacondas
  A centaur warrior (D:8)
  5 death yaks (Lair:2)
  4 orc high priests (Orc:2)
  A shock serpent (Snake:1)
  3 naga sharpshooters
  A glowing orange brain (Gauntlet)
  A fire crab (Gauntlet)
  5 orc knights
  A necromancer (Gauntlet)
  A naga ritualist (Snake:1)
  Pikel (D:8)
  A cyclops (D:8)
  A mana viper (shapeshifter) (Gauntlet)
  4 orc sorcerers
  4 mana vipers (Snake:1)
  2 ugly things
  An elephant (shapeshifter) (Gauntlet)
  9 elephants
  A salamander (Snake:1)
  3 naga magi
  2 guardian serpents
  17 black mambas
  13 cane toads
  An ice statue (Gauntlet)
  4 rime drakes
  A kobold demonologist (D:11)
  An efreet (D:8)
  5 komodo dragons
  8 trolls
  A wind drake (shapeshifter) (Gauntlet)
  A tyrant leech (Lair:4)
  5 dream sheep (Lair:5)
  A raiju (shapeshifter) (Gauntlet)
  10 blink frogs
  A slime creature (D:8)
  3 fire bats (Gauntlet)
  A wraith (D:11)
  2 wyverns
  49 yaks
  Eustachio (D:4)
  A vampire (D:8)
  2 basilisks
  A vampire mosquito (D:8)
  A warg (Orc:1)
  14 nagas
  A steam dragon (D:7)
  2 swamp worms (Lair:4)
  10 water moccasins
  A hell hound (Gauntlet)
  An ice beast (D:7)
  2 sky beasts (D:8)
  30 orc warriors
  2 black bears (D:6)
  6 ogres
  12 wolves
  3 centaurs
  A lemure (D:8)
  9 bullfrogs
  4 kobold brigands
  A gnoll sergeant (D:10)
  3 scorpions
  A wyvern skeleton (D:6)
  9 killer bees
  12 wights
  2 howler monkeys (D:6)
  3 electric eels (Lair:5)
  6 centaur zombies
  5 hounds
  A lava snake (D:10)
  21 orc priests
  Crazy Yiuf (D:2)
  A human zombie (Ossuary)
  An iron imp (D:6)
  A centaur skeleton (D:6)
  A gnoll shaman (D:5)
  An iguana (D:6)
  10 hell rats
  Natasha (thrice) (D:2)
  28 orc wizards
  2 killer bee zombies
  A hound zombie (D:5)
  5 mummies
  A howler monkey skeleton (D:7)
  13 gnolls
  7 adders
  6 river rats
  2 shadow imps
  2 white imps
  An ufetubus (D:4)
  An adder skeleton (D:4)
  6 worms
  2 dart slugs
  61 orcs
  3 bats
  11 endoplasms
  6 giant cockroaches
  A gnoll zombie (Ossuary)
  6 hobgoblins
  12 jackals
  4 quokkas
  10 ball pythons
  24 frilled lizards
  7 goblins
  3 goblin zombies (Ossuary)
  23 kobolds
  An orc zombie (Ossuary)
  18 rats
648 creatures vanquished.

Vanquished Creatures (others)
  A hydra (D:8)
  A two-headed ogre (D:10)
  Urug (Lair:2)
  A water moccasin (Lair:2)
  A killer bee (D:7)
  An orc (D:7)
  A kobold (D:10)
  21 fungi
  9 plants
37 creatures vanquished.

Grand Total: 685 creatures vanquished

Notes
Turn   | Place    | Note
-------+----------+-------------------------------------------
     0 | D:1      | 2tc the Troll Transmuter began the quest for the Orb.
     0 | D:1      | Reached XP level 1. HP: 18/18 MP: 1/1
    52 | D:1      | Reached XP level 2. HP: 25/26 MP: 0/2
    55 | D:1      | Learned a level 2 spell: Wereblood
   305 | D:1      | Reached skill level 4 in Unarmed Combat
   486 | D:2      | Reached XP level 3. HP: 32/32 MP: 3/3
   561 | D:2      | Noticed Natasha
   566 | D:2      | Killed Natasha
   567 | D:2      | Reached XP level 4. HP: 32/40 MP: 4/4
   717 | D:2      | Noticed Natasha
   721 | D:2      | Killed Natasha
   722 | D:2      | Reached skill level 5 in Unarmed Combat
   730 | D:2      | Noticed Natasha
   745 | D:2      | Killed Natasha
   830 | D:2      | Found a runed translucent door.
   831 | D:2      | Noticed Crazy Yiuf
  1033 | D:2      | Reached XP level 5. HP: 45/46 MP: 5/5
  1087 | D:2      | Killed Crazy Yiuf
  1088 | D:2      | Reached skill level 6 in Unarmed Combat
  1460 | D:3      | Found a hazy altar of Hepliaklqana.
  1460 | D:3      | Found a faded altar of an unknown god.
  1469 | D:3      | Reached XP level 6. HP: 54/54 MP: 6/6
  1490 | D:3      | Found a blossoming altar of Fedhas.
  1745 | D:4      | Found Pugaer's Gadget Gallery.
  1782 | D:4      | Noticed Eustachio
  1797 | D:4      | Reached skill level 7 in Unarmed Combat
  1823 | D:4      | Killed Eustachio
  1915 | D:4      | Reached skill level 8 in Unarmed Combat
  1915 | D:4      | Reached XP level 7. HP: 61/61 MP: 3/7
  2002 | D:4      | Found a sacrificial altar of Ru.
  2008 | D:4      | Became a worshipper of Ru the Awakened
  2060 | D:4      | Found a glowing drain.
  2083 | Sewer    | Entered a sewer
  2305 | Sewer    | Learned a level 4 spell: Ice Form
  2503 | Sewer    | Identified 3 scrolls of acquirement
  2503 | Sewer    | Acquired 722 gold pieces
  2587 | D:4      | Acquired the amulet of Foan {Faith rN+ Regen+}
  2596 | D:4      | Acquired a ring of wizardry
  2643 | D:4      | Found Icovecru's Distillery.
  2929 | D:5      | Entered Level 5 of the Dungeon
  3001 | D:4      | Reached XP level 8. HP: 20/68 MP: 6/8
  3097 | D:5      | Reached skill level 5 in Transmutations
  3121 | D:5      | Found an opulent altar of Gozag.
  3177 | D:5      | Found a sand-covered staircase.
  3192 | Ossuary  | Entered an ossuary
  3384 | Ossuary  | Gained mutation: You are sensitive to extremes of
                  | temperature. (rF-, rC-) [Ru sacrifice]
  3384 | Ossuary  | Reached * piety under Ru
  3384 | Ossuary  | Reached ** piety under Ru
  3467 | D:5      | Found a shadowy altar of Dithmenos.
  3467 | D:5      | Found a glowing golden altar of the Shining One.
  3544 | D:5      | Found a shimmering altar of Xom.
  3811 | D:6      | Found a staircase to the Ecumenical Temple.
  3820 | Temple   | Entered the Ecumenical Temple
  4077 | D:6      | Reached skill level 1 in Ice Magic
  4299 | D:6      | Found a snail-covered altar of Cheibriados.
  4622 | D:7      | Reached XP level 9. HP: 39/75 MP: 4/9
  4850 | D:7      | Reached skill level 9 in Unarmed Combat
  5228 | D:7      | Gained mutation: You sometimes lose the ability to read
                  | scrolls when taking damage. [Ru sacrifice]
  5228 | D:7      | Reached *** piety under Ru
  5249 | D:7      | Reached skill level 10 in Unarmed Combat
  5687 | D:8      | Noticed Pikel
  5708 | D:8      | Killed Pikel
  5709 | D:8      | Reached skill level 11 in Unarmed Combat
  5854 | D:8      | Reached XP level 10. HP: 83/83 MP: 4/10
  5870 | D:8      | Reached skill level 12 in Unarmed Combat
  6120 | D:8      | Reached skill level 13 in Unarmed Combat
  6151 | D:8      | Noticed a cyclops
  6158 | D:8      | Killed a cyclops
  6159 | D:8      | Noticed a green ugly thing
  6161 | D:8      | Identified the +1 ring mail of Unambiguity {rCorr SInv}
  6186 | D:8      | Killed a green ugly thing
  6222 | D:8      | Noticed a six-headed hydra
  6224 | D:8      | Killed a six-headed hydra
  6225 | D:8      | Reached skill level 14 in Unarmed Combat
  6266 | D:8      | Noticed a centaur warrior
  6276 | D:8      | Killed a centaur warrior
  6277 | D:8      | Reached XP level 11. HP: 55/89 MP: 6/11
  6683 | D:9      | Found a stormy altar of Qazlal.
  6683 | D:9      | Found an ornate altar of the Wu Jian Council.
  6683 | D:9      | Found a glowing silver altar of Zin.
  6693 | D:9      | Gained mutation: You are frail. (-10% HP) [Ru sacrifice]
  6693 | D:9      | Reached **** piety under Ru
  6693 | D:9      | Reached ***** piety under Ru
  6795 | D:9      | Identified the +9 long sword of Action {protect, Str-2
                  | Int+5}
  7407 | D:10     | Entered Level 10 of the Dungeon
  7604 | D:10     | Found a glowing golden altar of the Shining One.
  7807 | D:10     | Found a white marble altar of Elyvilon.
  7821 | D:10     | Noticed a two-headed ogre
  7824 | D:10     | Killed a two-headed ogre
  8202 | D:11     | Found a staircase to the Orcish Mines.
  8283 | D:11     | Gained mutation: You are slightly weak-willed. (Will-) [Ru
                  | sacrifice]
  8283 | D:11     | Reached ****** piety under Ru
  8565 | D:11     | Found a staircase to the Lair.
  8593 | D:11     | Noticed a boulder beetle
  8610 | D:11     | Killed a boulder beetle
  8649 | D:11     | Noticed a seven-headed hydra
  8657 | D:11     | Killed a seven-headed hydra
  9015 | Lair:1   | Entered Level 1 of the Lair of Beasts
  9044 | Lair:1   | Found a hide-covered altar of Uskayaw.
  9394 | Lair:1   | Reached XP level 12. HP: 87/87 MP: 6/12
  9769 | Lair:2   | Noticed a death yak
  9769 | Lair:2   | Noticed a death yak
  9788 | Lair:2   | Killed a death yak
  9789 | Lair:2   | Noticed a death yak
  9789 | Lair:2   | Noticed a death yak
  9789 | Lair:2   | Noticed a death yak
  9794 | Lair:2   | Killed a death yak
  9802 | Lair:2   | Killed a death yak
  9803 | Lair:2   | Reached skill level 10 in Transmutations
  9803 | Lair:2   | Reached skill level 1 in Fighting
  9804 | Lair:2   | Killed a death yak
  9810 | Lair:2   | Killed a death yak
 10153 | Lair:2   | Reached skill level 1 in Armour
 10284 | Lair:2   | Noticed Urug
 10296 | Lair:2   | Killed Urug
 10746 | Lair:3   | Found a gate leading to a gauntlet.
 10755 | Gauntlet | Entered a Gauntlet
 10755 | Gauntlet | Found a transporter.
 10765 | Gauntlet | Found a transporter.
 10767 | Gauntlet | Found a transporter.
 10768 | Gauntlet | Found a transporter.
 10776 | Gauntlet | Found a transporter.
 10779 | Gauntlet | Found a transporter.
 10780 | Gauntlet | Found a transporter.
 10786 | Gauntlet | Found a runed translucent gate.
 10788 | Gauntlet | Found a transporter.
 10789 | Gauntlet | Found a runed translucent gate.
 10790 | Gauntlet | Found a runed translucent gate.
 10791 | Gauntlet | Found a transporter.
 10792 | Gauntlet | Found a transporter.
 10795 | Gauntlet | Noticed a two-headed ogre
 10796 | Gauntlet | a two-headed ogre changed into a salamander
 10803 | Gauntlet | Found a transporter.
 10804 | Gauntlet | Found a transporter.
 10804 | Gauntlet | Found a transporter.
 10812 | Gauntlet | Found a transporter.
 10838 | Gauntlet | Found a runed translucent door.
 10842 | Gauntlet | Noticed a fire dragon
 10842 | Gauntlet | Noticed a quicksilver ooze
 10842 | Gauntlet | a fire dragon changed into a quicksilver ooze
 11086 | Gauntlet | Reached skill level 15 in Unarmed Combat
 11102 | Gauntlet | Noticed a storm dragon
 11103 | Gauntlet | Identified the +4 pair of boots of Leaves {Rampage}
 11104 | Gauntlet | Noticed a death yak
 11104 | Gauntlet | a storm dragon changed into a death yak
 11109 | Gauntlet | Noticed a four-headed hydra
 11109 | Gauntlet | a death yak changed into a four-headed hydra
 11112 | Gauntlet | Noticed a great orb of eyes
 11112 | Gauntlet | a four-headed hydra changed into a great orb of eyes
 11114 | Gauntlet | a great orb of eyes changed into a tyrant leech
 11123 | Gauntlet | Noticed an entropy weaver
 11123 | Gauntlet | a tyrant leech changed into an entropy weaver
 11128 | Gauntlet | Noticed a quicksilver ooze
 11128 | Gauntlet | an entropy weaver changed into a quicksilver ooze
 11130 | Gauntlet | Noticed a death yak
 11130 | Gauntlet | a quicksilver ooze changed into a death yak
 11135 | Gauntlet | Noticed a spark wasp
 11135 | Gauntlet | a death yak changed into a spark wasp
 11137 | Gauntlet | a spark wasp changed into a deep troll
 11168 | Gauntlet | Reached XP level 13. HP: 102/102 MP: 9/13
 11178 | Gauntlet | Identified the ring of Raf Xai {rN++ Str+2 Int+2 Dex+6
                  | Slay-4}
 11216 | Gauntlet | Identified the +6 trident of the Pits of Slime {vorpal,
                  | rElec Int+4}
 11216 | Gauntlet | Identified the +8 shortbow "Dimmon" {venom, Int+5}
 11216 | Gauntlet | Noticed a minotaur
 11222 | Gauntlet | Killed a minotaur
 11236 | Gauntlet | Identified the +8 short sword of the Baking King {vorpal,
                  | *Slow rCorr MP+9 Dex+7}
 11561 | Lair:3   | Reached skill level 16 in Unarmed Combat
 12154 | Lair:4   | Found a staircase to the Snake Pit.
 12524 | Lair:4   | Reached skill level 17 in Unarmed Combat
 12842 | Lair:4   | Found a staircase to the Swamp.
 12877 | Lair:4   | Found a large runed translucent door.
 12877 | Lair:4   | Found a large runed translucent door.
 12882 | Lair:4   | Noticed 2tc's ghost (journeyman TrTm)
 13066 | Lair:5   | Found a viscous altar of Jiyva.
 13067 | Lair:5   | Found a staircase to the Slime Pits.
 14013 | Lair:6   | Entered Level 6 of the Lair of Beasts
 14013 | Lair:6   | Noticed Snorg
 14029 | Lair:6   | Killed Snorg
 14217 | Orc:1    | Entered Level 1 of the Orcish Mines
 14238 | Orc:1    | Reached XP level 14. HP: 81/110 MP: 8/14
 14426 | Orc:2    | Entered Level 2 of the Orcish Mines
 14426 | Orc:2    | Found a staircase to the Elven Halls.
 14692 | Orc:2    | Noticed Jorgrun
 14704 | Orc:2    | Noticed an orc warlord
 14706 | Orc:2    | Killed Jorgrun
 15004 | Orc:2    | Reached skill level 18 in Unarmed Combat
 15012 | Orc:2    | Killed an orc warlord
 15181 | Orc:2    | Reached skill level 1 in Throwing
 15546 | Orc:2    | Noticed Erolcha
 15579 | Orc:2    | Killed Erolcha
 15742 | Orc:2    | Paralysed by an orc sorcerer for 2 turns
 15996 | Orc:2    | Found Tuplall's General Store.
 15997 | Orc:2    | Found Zialag's Jewellery Shop.
 15999 | Orc:2    | Found Caet's Antique Armour Shop.
 15999 | Orc:2    | Found Jelummy's Antique Weapon Boutique.
 16485 | Snake:1  | Entered Level 1 of the Snake Pit
 17134 | Snake:1  | Found Notwuic's Magic Scroll Emporium.
 17751 | Snake:2  | Reached XP level 15. HP: 105/115 MP: 11/15
 18178 | Snake:2  | Noticed Aizul
 18186 | Snake:2  | Mangled by a naga mage

Illustrated notes

Levels and vault maps discovered:
D:1:      lemuel_arrival_hallway, layout_rooms, serial_glass, glass_columns_c,
          glass_columns_c, glass_columns_a, glass_columns_a,
          minmay_split_cup_small
D:2:      minmay_wonky_spiral, layout_rooms, minmay_lizard_pond, uniq_natasha,
          uniq_crazy_yiuf_cottage
D:3:      layout_basic, beargit_hepliaklqana_dungeon_heroes, fedhas_altar_3,
          minmay_unequal
D:4:      layout_rooms, lemuel_doored_altar, portal_sewer_entry_b, serial_shops,
          kennysheep_mini_moat, st_stairs_2, minmay_hedge_maze,
          kennysheep_another_room, nicolae_shop_gadgets, uniq_eustachio
D:5:      layout_rooms, mainiacjoe_overflow_alcove_4,
          mainiacjoe_overflow_catwalk, grunt_temple_overflow_open,
          gup_ossuary_entry_pyramid
D:6:      layout_loops_cross, slow_altar_2, lemuel_temple_firewalk_b
D:7:      layout_basic
D:8:      layout_gridville, minmay_evil_grid, uniq_pikel
D:9:      layout_irregular_city, gammafunk_temple_overflow_forgotten
D:10:     layout_roguey, general_overflow_altar, nicolae_sextant,
          grunt_decor_one_mirror, kennysheep_diamond, serial_park_tiny_1
D:11:     layout_irregular_city, lair_entry_dummy, david_orc_3
D:12:     layout_loops_cross, portal_ice_cave_entry_imps,
          grunt_decor_resistance, uniq_kirke
Temple:   zaba_magenta_temple
Lair:1:   layout_misc_corridors, basic_altar, kennysheep_abandoned_house
Lair:2:   minmay_lair_oklob_tunnel, layout_loops_ring, grunt_megastairs_1,
          lemuel_fruit_fields, uniq_urug
Lair:3:   layout_misc_corridors, gauntlet_entry_generic, lemuel_fruit_tree
Lair:4:   layout_loops_ring, minmay_swamp_entry_worms,
          minmay_snake_entry_guardpost_medium, ebering_ghost_disaster_area,
          infiniplex_staircase_pool_2
Lair:5:   layout_gridlike, slime_altar_1, minivault_25
Lair:6:   hangedman_lair_caniforms_friends, layout_cave_pods, minivault_27,
          uniq_snorg
Snake:1:  layout_onion, serial_shops, nicolae_shop_crystal,
          nicolae_snake_shapes, serial_bayou_shore_b
Snake:2:  layout_cave_pods, uniq_aizul
Orc:1:    layout_diamond_mine, basic_altar
Orc:2:    st_orc_congregation, layout_diamond_mine, uniq_jorgrun, uniq_erolcha

Skill      XL: |  1  2  3  4  5  6  7  8  9 10 11 12 13 14 |
---------------+-------------------------------------------+-----
Unarmed Combat | 4 5 6 8 11 14 15 17 18 | 18.2
Transmutations | 4 6 9 10 12 | 12.5
Ice Magic      | 3 |  3.0
Fighting       | 4 |  4.0
Armour         | 4 |  4.0
Dodging        | 4 |  4.0
Throwing       | 4 |  4.7
Spellcasting   | |  1.2

Action                   |  1- 3 |  4- 6 |  7- 9 | 10-12 | 13-15 || total
-------------------------+-------+-------+-------+-------+-------++-------
Melee: Unarmed           |    74 |   178 |   331 |   426 |   598 ||  1607
       Punch             |     1 |     7 |     3 |     2 |     3 ||    16
       Headbutt          |     1 |     3 |     6 |       |       ||    10
       Kick              |     1 |     2 |    12 |     2 |       ||    17
Throw: Dart              |       |       |     1 |       |       ||     1
       Stone             |       |       |     1 |       |       ||     1
       Large rock        |       |       |       |       |     1 ||     1
 Cast: Beastly Appendage |     2 |     6 |     9 |     1 |       ||    18
       Wereblood         |     1 |     4 |     8 |    17 |    20 ||    50
       Ice Form          |       |       |    10 |    36 |    61 ||   107
Invok: Sacrifice Resista |       |       |     1 |       |       ||     1
       Sacrifice Words   |       |       |     1 |       |       ||     1
       Sacrifice Essence |       |       |       |     1 |       ||     1
       Sacrifice Health  |       |       |       |     1 |       ||     1
       Apocalypse        |       |       |       |       |     3 ||     3
       Draw Out Power    |       |       |       |       |     2 ||     2
       Power Leap        |       |       |       |       |     1 ||     1
Evoke: Wand              |       |       |     1 |     6 |    40 ||    47
  Use: Scroll            |     2 |     7 |    15 |     3 |     6 ||    33
       Potion            |       |     1 |     2 |    10 |    13 ||    26
 Stab: Sleeping          |       |       |     1 |       |     1 ||     2
       Invisible         |       |       |     1 |     2 |     9 ||    12
       Paralysed         |       |       |       |    10 |    18 ||    28
       Distracted        |       |       |       |     2 |     2 ||     4
Armor: Robe              |    38 |    79 |    74 |       |       ||   191
       Skin              |       |     2 |    41 |    69 |    73 ||   185
       Steam dragon scal |       |       |     8 |    35 |    10 ||    53
Dodge: Dodged            |    40 |   110 |   150 |   110 |   156 ||   566

Table legend: (Time is in decaauts)
 A = Elapsed time spent in this place.
 B = Non-inter-level travel time spent in this place.
 C = Inter-level travel time spent in this place.
 D = Time resting spent in this place.
 E = Time spent auto-exploring this place.
 F = Levels seen in this place.
 G = Mean time per level.
                   A        B        C        D        E       F      G
               +--------+--------+--------+--------+--------+-----+--------+
         Total |  17861 |  17006 |    855 |    316 |  12607 |  26 |  687.0 |
       Dungeon |   8176 |   7738 |    438 |     42 |   6047 |  12 |  681.3 |
        Temple |     83 |     64 |     19 |      0 |     59 |   1 |   83.0 |
          Lair |   4562 |   4269 |    293 |     50 |   3508 |   6 |  760.3 |
     Snake Pit |   1658 |   1649 |      9 |     48 |   1255 |   2 |  829.0 |
  Orcish Mines |   2084 |   1989 |     95 |     30 |   1224 |   2 | 1042.0 |
         Sewer |    520 |    520 |      0 |      0 |    383 |   1 |  520.0 |
       Ossuary |    250 |    250 |      0 |     18 |    118 |   1 |  250.0 |
      Gauntlet |    524 |    524 |      0 |    128 |     11 |   1 |  524.0 |
               +--------+--------+--------+--------+--------+-----+--------+

Top non-repeatable levels by time:
   Orc:2: 1514 daAuts
 Snake:1: 1190 daAuts
  Lair:4: 1148 daAuts
  Lair:5: 984 daAuts
     D:8: 977 daAuts
  Lair:2: 949 daAuts
    D:11: 906 daAuts
     D:9: 878 daAuts
     D:6: 833 daAuts
     D:7: 831 daAuts
     D:4: 802 daAuts
  Lair:1: 779 daAuts
    D:10: 748 daAuts
  Lair:3: 685 daAuts
     D:2: 675 daAuts
